 Dungeon Sprint DCSS version 0.31-a0-986-g5e6e4ef867 (webtiles) character file.

Game seed: 5646567254835081761

12 sircluck the Ruffian (level 5, -9/57 HPs)
             Began as a Troll Berserker on Nov 13, 2023.
             Was a Priest of Trog.
             Mangled by an orc warrior
             ... wielding a +0 scimitar
              (12 damage)
             ... in the Dungeon (Sprint VI: "Thunderdome").
             The game lasted 00:01:20 (239 turns).

sircluck the Ruffian (Troll Berserker)               Turns: 239, Time: 00:01:20

Health: -9/57      AC:  4    Str: 27    XL:     5   Next: 9%
Magic:  4/4        EV: 11    Int:  3    God:    Trog [***...]
Gold:   220        SH:  0    Dex:  9    Spells: 4/4 levels left

rFire   . .          .
                       - Unarmed
rCold   . . .        (no shield)
rNeg    . . .        a - +0 animal skin
rPois   .            (helmet restricted)
rElec   .            (no cloak)
rCorr   .            (gloves unavailable)
SInv    .            (boots unavailable)
Will    .....        (no amulet)
Stlth   +            (no ring)
HPRegen 1.09/turn    (no ring)
MPRegen 0.09/turn

%: no teleportation
@: no status effects
A: large, unfitting armour, claws 3, regeneration 1, shaggy fur 1, tough skin 1
a: Renounce Religion, Berserk, Trog's Hand


You were in the Dungeon.
You worshipped Trog.
Trog was most pleased with you.
You visited 1 branch You collected 220 gold pieces.

Inventory:

Armour
 a - a +0 animal skin (worn)
Wands
 i - a wand of acid (5)
 j - a wand of roots (5)
Scrolls
 g - 4 scrolls of blinking
 k - 3 scrolls of fog
Potions
 b - a potion of curing
 c - 4 potions of heal wounds
 d - 4 potions of haste
 e - 2 potions of magic
 f - a potion of berserk rage
 h - a potion of resistance


   Skills:
 + Level 5.5 Fighting
 + Level 5.4 Dodging
 + Level 6.6 Unarmed Combat


You had 4 spell levels left.
You didn't know any spells.
Your spell library was empty.

Dungeon Overview and Level Annotations

Branches:
Dungeon (1/1)

Altars:
Dithmenos
Fedhas
Kikubaaqudgha
Makhleb
Okawaru
Qazlal
Ru
Sif Muna
Trog
Wu Jian
Xom
Zin
The Shining One
Lugonu

Shops:
D **[(!!!!


Innate Abilities, Weirdness & Mutations

You are too large for most types of armour.
You have claws for hands.
Your natural rate of healing is unusually fast.
You are covered in fur. (AC +1)
You have tough skin. (AC +1)


Message History

The orc warrior wields a +0 orcbow.
The orc warrior shoots an arrow.
The arrow hits you!
You claw the orc!
You kill the orc!
Trog accepts your kill. The orc hits you with a +0 club.
You claw the orc!
You kill the orc!
Trog accepts your kill.
The orc warrior shoots an arrow.
The arrow hits you.
You see here a +4 dagger.
Found an ornate altar of the Wu Jian Council.
The orc warrior shoots an arrow.
The arrow hits you.
Found a shimmering blue altar of Sif Muna.
The orc warrior shoots an arrow.
The arrow hits you but does no damage.
The orc warrior shoots an arrow.
The arrow hits you!
The orc warrior unwields a +0 orcbow.
The orc warrior wields a +0 scimitar.
The orc warrior hits you with a +0 scimitar!
* * * LOW HITPOINT WARNING * * *
You are too injured to fight recklessly!
You are too injured to fight recklessly!
You are too injured to fight recklessly!
You are too injured to fight recklessly!
You are too injured to fight recklessly!
You are too injured to fight recklessly!
You are too injured to fight recklessly!
You are too injured to fight recklessly!
You are too injured to fight recklessly!
You are too injured to fight recklessly!
You are too injured to fight recklessly!
You are too injured to fight recklessly!
You are too injured to fight recklessly!
You are too injured to fight recklessly!
You closely miss the orc warrior.
The orc warrior hits you with a +0 scimitar!
* * * LOW HITPOINT WARNING * * *
You claw the orc warrior!
The orc warrior is moderately wounded.
The orc warrior hits you with a +0 scimitar!
You die...

.... ..... ....._ ....._
....._ ###. ......### #⌠..
......o⌠# #.8..
......8@###### .....
###......___∩## ...8.
#.8........∩### ..
...###.............## ...
#...###..).......⌠# .....
#.<.# #..).......⌠#
......###...###..).......⌠#
.........###..†..........##
......8.# #.8........∩###


You could see an orc warrior.

Vanquished Creatures
  A water moccasin (D)
  4 adders (D)
  5 orcs (D)
10 creatures vanquished.

Notes
Turn   | Place    | Note
-------+----------+-------------------------------------------
     0 | D        | sircluck the Troll Berserker began the quest for the Orb.
     0 | D        | Reached XP level 1. HP: 22/22 MP: 0/0
     5 | D        | Round 1.
    32 | D        | Noticed a water moccasin
    32 | D        | Found a glowing silver altar of Zin.
    32 | D        | Found a stormy altar of Qazlal.
    33 | D        | Found a blossoming altar of Fedhas.
    33 | D        | Found a bloodstained altar of Trog.
    34 | D        | Found a sacrificial altar of Ru.
    34 | D        | Found an ancient bone altar of Kikubaaqudgha.
    37 | D        | Killed a water moccasin
    38 | D        | Reached skill level 5 in Fighting
    38 | D        | Reached skill level 5 in Unarmed Combat
    38 | D        | Reached XP level 2. HP: 15/35 MP: 1/1
    38 | D        | Reached XP level 3. HP: 18/42 MP: 2/2
    38 | D        | Reached XP level 4. HP: 22/50 MP: 3/3
    43 | D        | Reached skill level 5 in Dodging
    43 | D        | Reached skill level 6 in Unarmed Combat
    45 | D        | Reached ** piety under Trog
    46 | D        | Found Zodud's Do-It-Yourself Clinic.
    46 | D        | Found a glowing golden altar of the Shining One.
    46 | D        | Found a burning altar of Makhleb.
    46 | D        | Found Nijesm's Distillery.
    47 | D        | Found Zotanik's Bottled Wisdom.
    47 | D        | Found Luryfrung's Distillery.
    50 | D        | Found Kici's Weapon Rack.
    51 | D        | Found a corrupted altar of Lugonu.
    51 | D        | Found Ewurph's Premium Goods.
    62 | D        | Found Hint's Basic Armour.
    62 | D        | Found Xuboityf's Miscellaneous Merchandise.
    66 | D        | Found a shimmering altar of Xom.
    97 | D        | Arena points: 12 (+12) [x2]
    98 | D        | Reached XP level 5. HP: 57/57 MP: 4/4
   143 | D        | Round 2.
   177 | D        | Found an iron altar of Okawaru.
   208 | D        | Reached *** piety under Trog
   221 | D        | Found a shadowy altar of Dithmenos.
   229 | D        | Noticed an orc warrior
   234 | D        | Found an ornate altar of the Wu Jian Council.
   235 | D        | Found a shimmering blue altar of Sif Muna.
   238 | D        | HP: 2/57 [orc warrior/+0 scimitar (12)]
   239 | D        | Mangled by an orc warrior

Illustrated notes

Levels and vault maps discovered:
D:        arena_sprint

Skill      XL: |  1  2  3  4 |
---------------+-------------+-----
Fighting       | 5 |  5.5
Dodging        | 4 5 |  5.4
Unarmed Combat | 5 6 |  6.6

Action                     |  1- 3 |  4- 6 || total
---------------------------+-------+-------++-------
  Melee: Unarmed           |     3 |    29 ||    32
         Punch             |       |     1 ||     1
 Armour: Animal skin       |     5 |    23 ||    28
  Dodge: Dodged            |     2 |     8 ||    10

Table legend: (Time is in decaauts)
 A = Elapsed time spent in this place.
 B = Non-inter-level travel time spent in this place.
 C = Inter-level travel time spent in this place.
 D = Time resting spent in this place.
 E = Time spent auto-exploring this place.
 F = Levels seen in this place.
 G = Mean time per level.
                   A        B        C        D        E       F      G
               +--------+--------+--------+--------+--------+-----+--------+
         Total |    235 |    235 |      0 |    123 |     29 |   1 |  235.0 |
       Dungeon |    235 |    235 |      0 |    123 |     29 |   1 |  235.0 |
               +--------+--------+--------+--------+--------+-----+--------+

Top non-repeatable levels by time:
       D: 235 daAuts
